Map: Cyber Forest LE

Players

GunGFuBanDa - Winner!

  • Race: Protoss Protoss
  • League: Master
  • Spawn Location: 11:00

Rail

  • Race: Protoss Protoss
  • League: Grandmaster
  • Spawn Location: 5:00

Event: 2019 WCS Winter Europe

VOD

Have the link to the VOD?

Description

Time

  • Played on: Feb. 17, 2019, 10:36 a.m.
  • Length: 6:05

All games in this series

Show
View Real Time Build Order
Export as new Build Order

GunGFuBanDa Protoss - Winner!

Build Orders: 1 Gate Expand 

Get SALT Encoding   

  12  0:01  Probe  
  13  0:13  Probe  
  14  0:18  Pylon  
  14  0:24  Probe  
  15  0:33  Probe  
  15  0:38  Gateway  
  15  0:41  Probe  
  16  0:46  Assimilator  
  17  0:51  Probe  
  18  1:03  Probe  
  19  1:18  Nexus  
  19  1:28  Cybernetics Core, Probe  
  20  1:36  Probe  
  20  1:37  Assimilator  
  21  1:47  Pylon  
  21  1:50  Probe  
  22  1:55  Warp Gate  
  22  1:56  Stalker  
  22  2:02  Probe  
  25  2:14  Probe  
  26  2:18  Stalker  
  26  2:22  Pylon  
  28  2:35  Shield Battery  
  28  2:37  Shield Battery  
  28  2:44  Gateway  
  28  2:49  Stalker  
  30  2:56  Probe  
  31  3:08  Probe, Gateway  
  32  3:22  Shield Battery  
  32  3:40  Pylon  
  32  3:45  Sentry x2  
  36  3:51  Shield Battery  
  36  3:59  Pylon  
  36  4:01  Stalker  
  38  4:09  Stalker, Sentry  
  42  4:18  Shield Battery  
  42  4:25  Stalker  
  42  4:27  Shield Battery  
  42  4:28  Probe x2  
  46  4:36  Stalker  
  48  4:41  Stalker  
  50  4:49  Shield Battery  
  46  4:53  Stalker  
  42  5:00  Stalker  
  42  5:07  Stalker  
  44  5:19  Stalker  
  46  5:25  Sentry x2  
  48  5:42  Stalker  
  48  5:44  Shield Battery  
  48  5:45  Shield Battery  
  48  5:49  Stalker  
  52  5:50  Stalker  
Show
View Real Time Build Order
Export as new Build Order

Rail Protoss 

Build Orders: Proxy Void Ray 

Get SALT Encoding   

  12  0:00  Probe  
  13  0:13  Probe  
  14  0:17  Pylon  
  14  0:24  Probe  
  15  0:32  Probe  
  15  0:38  Gateway  
  15  0:40  Probe  
  16  0:46  Assimilator  
  17  0:51  Probe  
  17  0:55  Assimilator  
  18  1:00  Probe  
  19  1:07  Gateway  
  19  1:08  Probe  
  19  1:17  Probe  
  21  1:25  Cybernetics Core  
  21  1:29  Probe  
  22  1:34  Pylon  
  22  1:42  Probe  
  24  2:03  Stalker x2  
  24  2:04  Warp Gate  
  27  2:09  Pylon  
  27  2:28  Shield Battery  
  27  2:30  Shield Battery  
  27  2:33  Stalker x2  
  31  2:42  Stargate  
  31  3:01  Shield Battery  
  31  3:03  Stalker  
  33  3:07  Gateway  
  33  3:15  Stalker  
  33  3:16  Void Ray  
  39  3:37  Pylon  
  39  3:45  Void Ray  
  39  3:46  Shield Battery  
  43  4:08  Stalker  
  43  4:13  Pylon  
  43  4:26  Stalker  
  43  4:29  Sentry  
  47  4:32  Zealot  
  49  4:50  Stalker  
  37  5:01  Stalker x2  
  39  5:15  Stalker  
  39  5:20  Shield Battery  
  41  5:24  Stalker  
  41  5:26  Stalker  
  41  5:41  Stalker  
  41  5:49  Stalker  
  43  5:54  Stalker  
Tags
 
Add a new tag
Caveats
  • Supply blocks, unpowered buildings, or Contaminate may cause inaccurate times.
  • Supply counts are checked every 10 seconds.